 Dungeon Crawl Stone Soup version 0.30-a0-859-gf88a04b62d (console) character file.

Game seed: 16765155712921532515

143493 jejorda2 the Phalangite (level 17, 0/145 HPs)
             Began as a Merfolk Berserker on Mar 6, 2023.
             Was an Elder of Trog.
             Killed from afar by a nagaraja (20 damage)
             ... with a poison arrow
             ... on level 2 of the Snake Pit.
             The game lasted 01:27:20 (31067 turns).

jejorda2 the Phalangite (Merfolk Berserker)        Turns: 31067, Time: 01:27:21

Health: 0/145      AC: 28    Str: 26    XL:     17   Next: 37%
Magic:  6/17       EV:  9    Int:  6    God:    Trog [****..]
Gold:   202        SH:  0    Dex:  8    Spells: 16/16 levels left

rFire   + + .      SeeInvis +    a - +1 glaive (heavy)
rCold   + + .      Faith    +    (shield currently unavailable)
rNeg    + . .      Spirit   .    y - +1 plate armour of Shadows and Fog {Drain rElec rPois rF+++}
rPois   +          Reflect  .    k - +1 helmet of Rationality {rElec rC+ Will+ Regen+ Dex-5}
rElec   +          Rampage  +    T - +2 cloak {rCorr}
rCorr   +                        Q - +2 pair of gloves {infuse}
Will    ++...                    n - +2 pair of boots {rampage} Stlth
                                 o - amulet of faith
HPRegen 1.24/turn                m - ring of see invisible
MPRegen 0.15/turn                X - ring of Incredulity {Ice rN+ rCorr Slay+5}

@: lethally poisoned (0 -> -2), on berserk cooldown, slowed, very slow
A: (nimble swimmer 2), mertail, electricity resistance, MP-powered wands
a: Renounce Religion, Berserk, Trog's Hand, Brothers in Arms


You were on level 2 of the Snake Pit.
You worshipped Trog.
Trog was greatly pleased with you.
You visited 4 branches of the dungeon, and saw 24 of its levels.
You visited the Abyss 1 time.
You also visited: Sewer, Gauntlet and Ice Cave.

You collected 2744 gold pieces.
You spent 2542 gold pieces at shops.

Inventory:

Hand Weapons
 a - a +1 heavy glaive (weapon)
 b - a +0 demon trident of venom
 W - a +7 glaive
Missiles
 c - 50 poisoned darts
 d - a silver boomerang
 f - 119 stones
 g - 16 javelins
 q - 6 silver javelins
 s - 17 boomerangs (quivered)
 u - a curare-tipped dart
 A - 5 throwing nets
 S - 2 atropa-tipped darts
Armour
 k - the +1 helmet of Rationality (worn) {rElec rC+ Will+ Regen+ Dex-5}
   (You found it in a Gauntlet)

   Dex:       It affects your dexterity (-5).
   rC:        It protects you from cold.
   rElec:     It insulates you from electricity.
   Regen:     It increases your rate of health regeneration.
   Will:      It increases your willpower.
 n - a +2 pair of boots of rampaging (worn)
 y - the +1 plate armour of Shadows and Fog (worn) {Drain rElec rPois rF+++}
   (You found it on level 3 of the Lair of Beasts)

   rF:        It renders you almost immune to fire.
   rElec:     It insulates you from electricity.
   rPois:     It protects you from poison.
   Drain:     It drains your maximum health when unequipped.
 Q - a +2 pair of gloves of infusion (worn)
 T - a +2 cloak of preservation (worn)
Jewellery
 m - a ring of see invisible (left hand)
 o - an amulet of faith (around neck)
 X - the ring of Incredulity (right hand) {Ice rN+ rCorr Slay+5}
   (You bought it in a shop on level 2 of the Orcish Mines)

   [ring of ice]

   It enhances your ice magic.
   Slay:      It affects your accuracy & damage with ranged weapons and melee
   (+5).
   rF:        It makes you vulnerable to fire.
   rC:        It protects you from cold.
   rN:        It protects you from negative energy.
   rCorr:     It protects you from acid and corrosion.
Wands
 h - a wand of charming (22)
 t - a wand of mindburst (2)
 C - a wand of digging (12)
 G - a wand of polymorph (13)
 H - a wand of light (6)
 K - a wand of flame (14)
 O - a wand of iceblast (3)
Scrolls
 e - 2 scrolls of identify
 i - 3 scrolls of immolation
 B - a scroll of silence
 D - 10 scrolls of teleportation
 F - 3 scrolls of blinking
 J - 4 scrolls of poison
 M - 5 scrolls of fear
 N - a scroll of fog
 P - a scroll of brand weapon {unknown}
Potions
 j - 2 potions of resistance
 l - 8 potions of curing
 p - 2 potions of cancellation
 r - 5 potions of attraction
 v - 6 potions of might
 w - 6 potions of heal wounds
 x - 8 potions of haste
 z - 6 potions of flight
 E - a potion of invisibility
 I - 5 potions of mutation
 R - a potion of ambrosia
Miscellaneous
 L - a phial of floods


   Skills:
 + Level 16.3 Fighting
 * Level 21.1 Polearms
 - Level 16.0 Throwing
 * Level 10.7 Armour
 + Level 6.0 Dodging
 - Level 6.0 Evocations


You had 16 spell levels left.
You didn't know any spells.
Your spell library was empty.

Dungeon Overview and Level Annotations

Branches:
Dungeon (15/15)            Temple (0/1) D:4            Lair (5/5) D:10
  Swamp (0/4) Lair:3        Snake (2/4) Lair:3        Slime (0/5) Lair:4
    Orc (2/2) D:11            Elf (0/3) Orc:2        Vaults (0/5) D:13
 Depths (0/4) D:15          Sewer (visited)           IceCv (visited)
Gauntlet (visited)

Altars:
Ashenzari
Elyvilon
Fedhas
Hepliaklqana
Kikubaaqudgha
Makhleb
Okawaru
Qazlal
Ru
Sif Muna
Uskayaw
Vehumet
Wu Jian
Xom
Yredelemnul
Zin
Jiyva
Lugonu

Shops:
Orc:2 **[(=   Snake:2 *?

Portals:
Abyss: Lair:5

Annotations:
D:5 1 runed translucent door
D:7 exclusion: statue
D:9 exclusion: orange crystal statue
D:10 3 runed translucent doors, exclusion: obsidian statue
Snake:1 2 transporters


Innate Abilities, Weirdness & Mutations

((You are very nimble when in or above water. (Stealth+, EV+, Speed+++)))
Your lower body shifts to a powerful aquatic tail in water.
You are resistant to electric shocks. (rElec)
You expend magic power (3 MP) to strengthen your wands.


Message History

* * * LOW HITPOINT WARNING * * *
The nagaraja grabs you. The nagaraja constricts you.
* * * LOW HITPOINT WARNING * * *
The nagaraja hits you but does no damage.
The nagaraja constricts you.
* * * LOW HITPOINT WARNING * * *
The nagaraja's grasp on you weakens, but your attempt to escape fails.
You feel sick. The nagaraja spits poison at you.
The splash of poison hits you but does no damage.
You resist. The nagaraja constricts you.
Your two-headed ogre rages.
The nagaraja completely misses you. The nagaraja constricts you.
Your two-headed ogre barely misses the nagaraja.
Your two-headed ogre hits the nagaraja with a +0 giant club!
Unknown command.
Unknown command.
You escape the nagaraja's grasp.
Your skin stops crawling.
You feel less strong-willed.
You feel sick. The nagaraja casts a spell at you. You resist with some effort.
Your two-headed ogre hits the nagaraja with a +0 dire flail!!!
Your two-headed ogre hits the nagaraja with a +0 giant club!!
The nagaraja spits poison at your two-headed ogre.
The splash of poison hits your two-headed ogre!!
Reach: a) +1 glaive (heavy)
Press: ? - help, Dir - move target, f - nagaraja
Aim: a nagaraja, wielding a +0 flail and wearing a +0 robe (almost dead, fast, not watching you, catching its breath, ally target, about 27% to evade your +1 heavy glaive)
You reach to attack!
You barely miss the nagaraja.
The nagaraja is almost dead.
You feel sick.
You are no longer poisoned.
Your two-headed ogre hits the nagaraja with a +0 dire flail.
Your two-headed ogre hits the nagaraja with a +0 giant club!
The nagaraja casts a spell at you. The poison arrow hits you!!
You are poisoned.
You partially resist.
You die...

...............####..
.........##.........#
.........##.........#
........###.........# .
#.......###........# ..
.........#........# ...
#................## ...
##...#....#.....## ..#.#
#........######@##.....#
.........## #..N).....#
......###......#.O)......
...... #.#####..)......
..... ##........ ..
#........ .######## #


You could see a nagaraja (fast, ally target) and a friendly two-headed ogre
(summoned, berserk).

Vanquished Creatures
  Saint Roka (Orc:2)
  Vashnia (Snake:2)
  Rupert (Snake:1)
  A sphinx (D:14)
  Roxanne (Snake:1)
  2 fire giants (D:14)
  4 nagarajas (Snake:2)
  A frost giant (D:14)
  Louise (Snake:2)
  2 orc warlords
  A war gargoyle (D:14)
  A cacodemon (Abyss:3)
  A stone giant (D:15)
  An ironbound preserver (D:13)
  A minotaur (Gauntlet)
  Josephine (Snake:1)
  3 jiangshi (D:13)
  Harold (D:10)
  3 ettins (D:14)
  7 boulder beetles
  5 hydras
  4 centaur warriors
  A death knight (D:15)
  5 two-headed ogres
  5 anacondas
  3 catoblepae
  3 tengu warriors
  2 death yaks (Lair:2)
  A vampire mage (D:13)
  4 naga warriors
  An orc high priest (Orc:2)
  5 naga sharpshooters
  A skyshark (Lair:5)
  4 thrashing horrors (Lair:5)
  2 shock serpents (Snake:1)
  Amaemon (D:9)
  4 skeletal warriors
  2 naga ritualists
  2 bog bodies (Lair:3)
  2 phantasmal warriors
  A wizard (D:14)
  2 flayed ghosts (D:14)
  5 mana vipers (Snake:1)
  2 large abominations
  5 orc knights
  A wolf spider (D:15)
  2 deep elf pyromancers
  8 ugly things
  6 orc sorcerers
  2 oklob plants (Lair:3)
  5 cyclopes
  3 salamanders (Snake:1)
  A salamander (shapeshifter) (Lair:5)
  10 elephants
  Maurice (D:11)
  4 manticores
  4 ice statues
  6 naga magi
  10 black mambas
  A guardian serpent (shapeshifter) (Lair:5)
  2 guardian serpents
  A smoke demon (Lair:5)
  A molten gargoyle (Gauntlet)
  3 torpor snails
  2 orange demons
  A torpor snail (shapeshifter) (Lair:5)
  3 gargoyles
  9 cane toads
  An unseen horror (D:12)
  3 komodo dragons
  2 ancient zymes (Lair:5)
  2 kobold demonologists
  7 rime drakes
  A komodo dragon (shapeshifter) (D:14)
  An anaconda simulacrum (IceCv)
  A freezing wraith (D:15)
  A tengu conjurer (D:15)
  9 trolls
  4 polar bears (Lair:1)
  3 meliai (D:14)
  34 blink frogs
  Prince Ribbit (D:7)
  9 dream sheep (Lair:5)
  10 slime creatures
  6 vampires
  8 wraiths
  36 yaks
  A shadow (D:11)
  5 wyverns
  A spriggan (Lair:5)
  9 basilisks
  16 vampire mosquitoes
  3 steam dragons
  2 death yak simulacra
  A chaos spawn (Lair:5)
  2 wargs
  20 nagas
  10 water moccasins
  A hydra simulacrum (IceCv)
  A floating eye (D:11)
  A sky beast (D:6)
  2 ice beasts (D:7)
  32 orc warriors
  2 black bears
  10 wolves
  10 ogres
  5 centaurs
  5 kobold brigands
  A phantom (D:6)
  11 bullfrogs
  A gnoll sergeant (D:11)
  3 scorpions
  4 cane toad simulacra
  9 wights
  14 small abominations
  6 killer bees
  An elephant simulacrum (IceCv)
  5 howler monkeys
  An electric eel (D:12)
  A hound (D:7)
  3 jellies
  A gnoll bouda (D:8)
  17 orc priests
  6 iguanas
  Jessica (D:2)
  Natasha (D:3)
  2 sleepcaps
  32 orc wizards
  2 wolf simulacra (IceCv)
  A polar bear simulacrum (Lair:3)
  Robin (D:2)
  9 adders
  12 gnolls
  5 river rats (Sewer)
  3 shadow imps
  A white imp (D:6)
  A worm (shapeshifter) (Lair:5)
  3 worms
  A dart slug (D:1)
  75 orcs
  6 endoplasms
  2 giant cockroaches
  15 goblins
  12 hobgoblins
  4 jackals (D:1)
  4 quokkas
  14 ball pythons
  10 bats
  2 frilled lizards
  38 kobolds
  17 rats
829 creatures vanquished.

Vanquished Creatures (collateral kills)
  A death yak (D:10)
  A phantasmal warrior (D:14)
  A molten gargoyle (Gauntlet)
  2 basilisks (D:10)
  A kobold (D:10)
6 creatures vanquished.

Vanquished Creatures (others)
  A water elemental (D:12)
  An electric eel (D:12)
  An orc wizard (Orc:1)
  4 orcs
  23 fungi
  31 plants
61 creatures vanquished.

Grand Total: 896 creatures vanquished

Notes
Turn   | Place    | Note
-------+----------+-------------------------------------------
     0 | D:1      | jejorda2 the Merfolk Berserker began the quest for the Orb.
     0 | D:1      | Reached XP level 1. HP: 18/18 MP: 1/1
    82 | D:1      | Reached XP level 2. HP: 11/24 MP: 2/2
   416 | D:1      | Reached XP level 3. HP: 29/29 MP: 3/3
   844 | D:2      | Reached skill level 5 in Polearms
  1004 | D:2      | Reached ** piety under Trog
  1061 | D:2      | Noticed Robin
  1080 | D:2      | Killed Robin
  1081 | D:2      | Reached XP level 4. HP: 37/37 MP: 4/4
  1411 | D:2      | Noticed Jessica
  1433 | D:2      | Killed Jessica
  1434 | D:2      | Reached XP level 5. HP: 41/42 MP: 5/5
  1573 | D:2      | Reached skill level 6 in Polearms
  2018 | D:3      | Noticed Natasha
  2037 | D:3      | Killed Natasha
  2158 | D:3      | Reached XP level 6. HP: 31/49 MP: 6/6
  2164 | D:3      | Gained mutation: Your spells are a little easier to cast,
                  | but a little less powerful. [potion of mutation]
  2164 | D:3      | Gained mutation: You passively dampen the noise of your
                  | surroundings. [potion of mutation]
  2164 | D:3      | Gained mutation: You have a pair of small horns on your
                  | head. [potion of mutation]
  2186 | D:3      | Lost mutation: Your spells are a little easier to cast, but
                  | a little less powerful. [potion of mutation]
  2186 | D:3      | Lost mutation: You have a pair of small horns on your head.
                  | [potion of mutation]
  2186 | D:3      | Lost mutation: You passively dampen the noise of your
                  | surroundings. [potion of mutation]
  2186 | D:3      | Gained mutation: Your body sometimes deteriorates upon
                  | taking damage. [potion of mutation]
  2186 | D:3      | Gained mutation: You expend magic power (3 MP) to
                  | strengthen your wands. [potion of mutation]
  2330 | D:3      | Found an ornate altar of the Wu Jian Council.
  2342 | D:3      | Reached *** piety under Trog
  2386 | D:3      | You fall into a shaft and drop 1 floor!
  2411 | D:4      | Reached skill level 7 in Polearms
  2558 | D:4      | Found a shimmering blue altar of Sif Muna.
  2580 | D:4      | Found a sacrificial altar of Ru.
  2755 | D:4      | Reached skill level 5 in Fighting
  2833 | D:4      | Reached XP level 7. HP: 35/56 MP: 7/7
  3137 | D:4      | Reached skill level 8 in Polearms
  3630 | D:4      | Found a hide-covered altar of Uskayaw.
  3651 | D:4      | Found a staircase to the Ecumenical Temple.
  3788 | D:5      | Entered Level 5 of the Dungeon
  3803 | D:5      | Reached skill level 9 in Polearms
  3803 | D:5      | Reached XP level 8. HP: 64/64 MP: 8/8
  3869 | D:5      | Found a glowing drain.
  3896 | Sewer    | Entered a sewer
  4154 | Sewer    | Reached **** piety under Trog
  4530 | D:5      | Found a runed translucent door.
  4538 | D:5      | Found a basalt altar of Yredelemnul.
  5243 | D:6      | Reached skill level 10 in Polearms
  5308 | D:6      | Identified the +1 chain mail of the Hidden Vale {Harm
                  | Dex+5}
  5386 | D:6      | Reached skill level 11 in Polearms
  5479 | D:6      | Reached XP level 9. HP: 69/69 MP: 9/9
  5741 | D:6      | Reached skill level 12 in Polearms
  6294 | D:6      | Found a glowing silver altar of Zin.
  6294 | D:6      | Found a broken altar of Ashenzari.
  6354 | D:6      | Found a faded altar of an unknown god.
  6366 | D:6      | Reached skill level 5 in Armour
  6395 | D:6      | Found a stormy altar of Qazlal.
  6398 | D:6      | Found an ancient bone altar of Kikubaaqudgha.
  6663 | D:7      | Reached skill level 13 in Polearms
  6779 | D:7      | Found a shimmering altar of Xom.
  7115 | D:7      | Reached skill level 14 in Polearms
  7368 | D:7      | Found a radiant altar of Vehumet.
  7369 | D:7      | Noticed Prince Ribbit
  7390 | D:7      | Killed Prince Ribbit
  7391 | D:7      | Reached XP level 10. HP: 76/76 MP: 10/10
  7779 | D:7      | Noticed a two-headed ogre
  7787 | D:7      | Killed a two-headed ogre
  7788 | D:7      | Reached skill level 15 in Polearms
  8330 | D:8      | Noticed a two-headed ogre
  8340 | D:8      | Killed a two-headed ogre
  8341 | D:8      | Reached skill level 16 in Polearms
  8460 | D:8      | Found an iron altar of Okawaru.
  9099 | D:8      | Found a hazy altar of Hepliaklqana.
  9597 | D:9      | Reached skill level 17 in Polearms
  9783 | D:9      | Reached XP level 11. HP: 81/81 MP: 11/11
  9930 | D:9      | Found a white marble altar of Elyvilon.
  9958 | D:9      | Reached skill level 18 in Polearms
  9989 | D:9      | Noticed an orange crystal statue
 10149 | D:9      | Noticed Amaemon
 10167 | D:9      | Killed Amaemon
 10453 | D:10     | Entered Level 10 of the Dungeon
 10567 | D:10     | Found a burning altar of Makhleb.
 10634 | D:10     | Noticed a death yak
 10638 | D:10     | Found a staircase to the Lair.
 10642 | D:10     | Reached skill level 19 in Polearms
 10655 | D:10     | Killed a death yak
 10695 | D:10     | Identified the +7 dagger of Execution {freeze, *Slow rPois
                  | rN++ Dex+3}
 10880 | D:10     | Found a runed translucent door.
 10928 | D:10     | Found a runed translucent door.
 10945 | D:10     | Found a runed translucent door.
 10959 | D:10     | Found a runed translucent door.
 11388 | D:10     | Noticed an obsidian statue
 11438 | D:11     | Noticed a boulder beetle
 11438 | D:11     | Noticed a brown ugly thing
 11448 | D:11     | Killed a boulder beetle
 11449 | D:11     | Reached skill level 20 in Polearms
 11449 | D:11     | Reached skill level 1 in Throwing
 11449 | D:11     | Reached skill level 1 in Evocations
 11454 | D:11     | Killed a brown ugly thing
 11592 | D:11     | Noticed Harold
 11624 | D:10     | Killed Harold
 11964 | D:11     | Noticed a purple ugly thing
 11968 | D:11     | Noticed a cyan ugly thing
 11972 | D:11     | Killed a purple ugly thing
 11973 | D:11     | Reached XP level 12. HP: 91/91 MP: 12/12
 12093 | D:11     | Noticed a boulder beetle
 12113 | D:11     | Killed a boulder beetle
 12203 | D:11     | Identified the +1 cloak of Udocralo {rElec Str+2}
 12271 | D:11     | Found a staircase to the Orcish Mines.
 12360 | D:11     | Paralysed by a floating eye for 4 turns
 12367 | D:11     | Noticed a two-headed ogre
 12377 | D:11     | Killed a two-headed ogre
 12381 | D:11     | Noticed a two-headed ogre
 12387 | D:11     | Killed a two-headed ogre
 12481 | D:11     | Reached skill level 5 in Throwing
 12481 | D:11     | Reached skill level 5 in Evocations
 12729 | D:11     | Identified the +2 leather armour of Unreason {rCorr Dex-5
                  | SInv}
 12764 | D:11     | Noticed Maurice
 12779 | D:11     | Killed Maurice
 12852 | Lair:1   | Entered Level 1 of the Lair of Beasts
 13438 | Lair:1   | Reached XP level 13. HP: 103/103 MP: 13/13
 13482 | Lair:1   | Reached skill level 10 in Fighting
 13558 | Lair:1   | You fall into a shaft and drop 1 floor!
 14476 | Lair:2   | Found an ancient bone altar of Kikubaaqudgha.
 14626 | Lair:3   | Identified the +1 plate armour of Shadows and Fog {Drain
                  | rElec rPois rF+++}
 14650 | Lair:3   | Found a shimmering altar of Xom.
 14704 | Lair:3   | Found a frozen archway.
 14717 | Lair:3   | Identified the +6 trident "Orb Guardian's Foe" {elec, Will-
                  | MP+9 Dex+3}
 14725 | IceCv    | Entered an ice cave
 15295 | Lair:3   | Reached skill level 10 in Throwing
 15685 | Lair:3   | Found a staircase to the Swamp.
 15886 | Lair:3   | Found a blossoming altar of Fedhas.
 15976 | Lair:3   | Found a staircase to the Snake Pit.
 16223 | Lair:4   | Reached XP level 14. HP: 112/115 MP: 14/14
 16631 | Lair:4   | Found a staircase to the Slime Pits.
 16631 | Lair:4   | Found a viscous altar of Jiyva.
 17276 | Lair:5   | Entered Level 5 of the Lair of Beasts
 18470 | Lair:5   | Reached ***** piety under Trog
 19262 | Lair:5   | Found a corrupted altar of Lugonu.
 19262 | Lair:5   | Found a one-way gate to the infinite horrors of the Abyss.
 19588 | D:12     | Found a gate leading to a gauntlet.
 19597 | Gauntlet | Entered a Gauntlet
 19597 | Gauntlet | Found a runed translucent door.
 19597 | Gauntlet | Found a transporter.
 19597 | Gauntlet | Found a runed translucent door.
 19597 | Gauntlet | Found a transporter.
 19617 | Gauntlet | Found a transporter.
 19621 | Gauntlet | Found a transporter.
 19629 | Gauntlet | Found a transporter.
 19634 | Gauntlet | Found a transporter.
 19642 | Gauntlet | Found a transporter.
 19659 | Gauntlet | Found a transporter.
 19666 | Gauntlet | Noticed a quicksilver ooze
 19681 | Gauntlet | Found a transporter.
 19685 | Gauntlet | Found a transporter.
 19697 | Gauntlet | Found a transporter.
 19698 | Gauntlet | Found a transporter.
 19815 | Gauntlet | Identified the +1 helmet of Rationality {rElec rC+ Will+
                  | Regen+ Dex-5}
 19850 | Gauntlet | Reached XP level 15. HP: 124/124 MP: 2/15
 21155 | D:12     | Identified the +3 ring mail of Capru {Dex+3 Slay+2}
 21800 | D:13     | Identified the +7 lajatang "Murmur" {vamp, rN+}
 22256 | D:13     | Found a gate to the Vaults.
 22966 | D:13     | Found a burning altar of Makhleb.
 23642 | D:14     | Found a huge runed gate.
 23642 | D:14     | Found a huge runed gate.
 23642 | D:14     | Found a huge runed gate.
 23643 | D:14     | Found a huge runed gate.
 23643 | D:14     | Found a huge runed gate.
 23645 | D:14     | Found a huge runed gate.
 23645 | D:14     | Found a huge runed gate.
 23646 | D:14     | Found a huge runed gate.
 23646 | D:14     | Found a huge runed gate.
 23646 | D:14     | Found a huge runed gate.
 23650 | D:14     | Found a huge runed gate.
 23650 | D:14     | Found a huge runed gate.
 23650 | D:14     | Found a huge runed gate.
 23650 | D:14     | Found a huge runed gate.
 23650 | D:14     | Found a huge runed gate.
 23650 | D:14     | Found a huge runed gate.
 23651 | D:14     | Found a huge runed gate.
 23654 | D:14     | Found a huge runed gate.
 23655 | D:14     | Found a huge runed gate.
 23685 | D:14     | Found a huge runed gate.
 23685 | D:14     | Found a huge runed gate.
 23685 | D:14     | Found a huge runed gate.
 23685 | D:14     | Found a huge runed gate.
 23685 | D:14     | Found a huge runed gate.
 23685 | D:14     | Found a huge runed gate.
 23686 | D:14     | Found a huge runed gate.
 23687 | D:14     | Found a huge runed gate.
 23695 | D:14     | Found a huge runed gate.
 23710 | D:14     | Received a gift from Trog
 24034 | D:14     | Found a huge runed gate.
 24037 | D:14     | Found a huge runed gate.
 24038 | D:14     | Found a huge runed gate.
 24038 | D:14     | Found a huge runed gate.
 24040 | D:14     | Found a huge runed gate.
 24041 | D:14     | Found a huge runed gate.
 24042 | D:14     | Found a huge runed gate.
 24043 | D:14     | Found a huge runed gate.
 24054 | D:14     | Reached skill level 15 in Throwing
 24409 | D:14     | Noticed a fire giant
 24409 | D:14     | Noticed a frost giant
 24409 | D:14     | Noticed a sphinx
 24410 | D:14     | Noticed a fire giant
 24414 | D:14     | Killed a sphinx
 24416 | D:14     | Killed a fire giant
 24421 | D:14     | Killed a fire giant
 24422 | D:14     | Reached XP level 16. HP: 90/134 MP: 5/16
 24535 | D:15     | Entered Level 15 of the Dungeon
 25292 | D:15     | Found a staircase to the Depths.
 25757 | Orc:1    | Entered Level 1 of the Orcish Mines
 25776 | Orc:1    | Reached skill level 15 in Fighting
 25863 | Orc:1    | Received a gift from Trog
 26378 | Orc:2    | Entered Level 2 of the Orcish Mines
 26565 | Orc:1    | You fall into a shaft and drop 1 floor!
 27082 | Orc:2    | Noticed Saint Roka
 27091 | Orc:2    | Killed Saint Roka
 27328 | Orc:2    | Found Bufrouleaz's Jewellery Emporium.
 27568 | Orc:2    | Found Lokhle Xo Qaw's Gadget Gallery.
 27610 | Orc:2    | Received a gift from Trog
 27730 | Orc:2    | Found a staircase to the Elven Halls.
 27765 | Orc:2    | Found Eniel's General Store.
 27780 | Orc:2    | Found Vaipt's Antique Armour Emporium.
 27858 | Orc:2    | Found Ciutz's Antique Weapon Emporium.
 28093 | Orc:2    | Bought a faintly glowing plate armour for 756 gold pieces
 28093 | Orc:2    | Identified the +1 plate armour of the Hurting Gods {Int+2}
                  | (You bought it in a shop on level 2 of the Orcish Mines)
 28093 | Orc:2    | Bought a glowing scarf for 216 gold pieces
 28124 | Orc:2    | Bought a phial of floods for 440 gold pieces
 28159 | Orc:2    | Bought the ring of Incredulity {Ice rN+ rCorr Slay+5} for
                  | 1130 gold pieces
 28358 | Snake:1  | Entered Level 1 of the Snake Pit
 28908 | Snake:1  | Noticed Rupert
 28921 | Snake:1  | Killed Rupert
 29091 | Snake:1  | Reached skill level 10 in Armour
 29259 | Snake:1  | Noticed Josephine
 29274 | Snake:1  | Killed Josephine
 29357 | Snake:1  | Noticed Roxanne
 29371 | Snake:1  | Killed Roxanne
 29442 | Snake:1  | Found a transporter.
 29529 | Snake:1  | Found a transporter.
 29537 | Snake:1  | Received a gift from Trog
 29880 | Snake:1  | Reached XP level 17. HP: 130/144 MP: 0/17
 30094 | Snake:2  | Reached skill level 5 in Dodging
 30182 | Snake:2  | Found Guopoe's Magic Scroll Boutique.
 30182 | Snake:2  | Found Qily's Assorted Antiques.
 30680 | Snake:2  | Noticed Louise
 30681 | Abyss:3  | Cast into level 3 of the Abyss (Louise)
 30684 | Abyss:3  | Found a corrupted altar of Lugonu.
 30721 | Abyss:3  | Gained mutation: You occasionally lose the ability to read
                  | scrolls when taking damage. [a cacodemon]
 30741 | Abyss:3  | Lost mutation: You expend magic power (3 MP) to strengthen
                  | your wands. [potion of mutation]
 30741 | Abyss:3  | Lost mutation: You occasionally lose the ability to read
                  | scrolls when taking damage. [potion of mutation]
 30741 | Abyss:3  | Lost mutation: Your body sometimes deteriorates upon taking
                  | damage. [potion of mutation]
 30741 | Abyss:3  | Gained mutation: You are resistant to electric shocks.
                  | (rElec) [potion of mutation]
 30741 | Abyss:3  | Gained mutation: You expend magic power (3 MP) to
                  | strengthen your wands. [potion of mutation]
 30748 | Abyss:3  | Found a corrupted altar of Lugonu.
 30765 | Snake:2  | Escaped the Abyss
 30772 | Snake:2  | Killed Louise
 30799 | Snake:2  | Reached skill level 21 in Polearms
 31037 | Snake:2  | Noticed Vashnia
 31053 | Snake:2  | Killed Vashnia
 31067 | Snake:2  | Killed from afar by a nagaraja

Illustrated notes

Levels and vault maps discovered:
D:1:      lemuel_arrival_muddy, layout_basic
D:2:      layout_basic, serial_co_window_serial, co_window_corner_a,
          co_window_corner_a, co_window_of_opportunity_a, co_window_paths_b,
          co_window_paths_a, co_window_broadway_c, co_window_broadway_a,
          co_window_broadway_a, co_window_of_opportunity_b, co_window_paths_c,
          co_window_cross_4, glass_columns_c, glass_columns_c, glass_columns_a,
          glass_columns_c, amethyst_killhole, minmay_nonomino_d4, uniq_robin,
          uniq_jessica
D:3:      layout_rooms, nicolae_wu_jian_immortal_techniques,
          uniq_crazy_yiuf_cottage, uniq_natasha
D:4:      layout_basic, general_overflow_altar,
          mainiacjoe_overflow_six_doors_small,
          nicolae_ru_great_annihilating_truth, temple_doors_cd, minmay_ruptured
D:5:      layout_loops_ring, dk_yredelemnul_ordeal,
          cheibrodos_sewer_entry_drain, grunt_decor_junction
D:6:      layout_basic, chequers_temple_overflow_minitemple, lightli_minifort
D:7:      layout_loops_corners, overflow_temple_1_default, vehumet_statue,
          minivault_1, uniq_prince_ribbit1
D:8:      layout_basic, overflow_temple_1_default,
          worldfamousw_hep_ancestral_shrine, minmay_starry_boxes
D:9:      minmay_separated_statues, layout_basic, elyvilon_altar_5, uniq_amaemon
D:10:     layout_roguey, mainiacjoe_overflow_cross_hatched, david_lair_generic,
          minmay_statue_crystal_thing
D:11:     layout_irregular_city, orc_0_dummy, onia_ninara_cookie, uniq_maurice,
          uniq_harold
D:12:     layout_loops_ring, gauntlet_entry_generic, lemuel_freeze_loot_1
D:13:     layout_basic, skrybe_vaults_entry_preservation,
          chequers_serial_rivers_large_b, nicolae_nh_vlads_tower
D:14:     layout_long_grid, grunt_decor_resistance, door_vault
D:15:     grunt_enter_depths_snipers, layout_irregular_city,
          minmay_misc_feat_ornament
Lair:1:   layout_regular_city, cheibrodos_lair_lostbears
Lair:2:   layout_misc_corridors, basic_altar, serial_bayou_shore_a,
          grunt_megastairs_3
Lair:3:   layout_regular_city, skrybe_swamp_entry_bodies,
          nicolae_snake_entry_squirm, portal_ice_cave_entry_ice_simulacra,
          basic_altar, hangedman_tree_tricks, serial_bayou_shore_b,
          grunt_megastairs_5, infiniplex_staircase_pool_2, lemuel_fruit_fields
Lair:4:   layout_cave_pods, minmay_slime_entry_pillars, lemuel_fruit_tree
Lair:5:   hellmonk_lair_end_abyssal_woods, layout_hall_layers
Snake:1:  gammafunk_the_bubble [the_bubble_gammafunk_plus_minus],
          layout_gridlike, uniq_rupert, uniq_josephine, uniq_roxanne
Snake:2:  layout_chambers, nicolae_snake_coiling_death, minmay_shoptagon,
          uniq_louise, uniq_vashnia
Orc:1:    layout_caves, nicolae_orc_crystal_geode
Orc:2:    grunt_orc_cross, layout_caves, library_closet,
          nicolae_orc_pool_cavern, nicolae_shop_gadgets

Skill      XL: |  1  2  3  4  5  6  7  8  9 10 11 12 13 14 15 16 17 |
---------------+----------------------------------------------------+-----
Polearms       | 5 6 7 9 11 14 17 20 21 | 21.1
Armour         | 2 3 4 5 6 7 8 10 | 10.7
Fighting       | 4 5 6 7 9 12 13 14 16 | 16.3
Throwing       | 3 7 11 13 15 16 | 16.0
Evocations     | 3 6 |  6.0
Dodging        | 4 6 |  6.0

Action                     |  1- 3 |  4- 6 |  7- 9 | 10-12 | 13-15 | 16-18 || total
---------------------------+-------+-------+-------+-------+-------+-------++-------
  Melee: Spear             |   129 |   290 |   506 |       |       |       ||   925
         Punch             |     1 |     3 |     4 |       |     8 |       ||    16
         Headbutt          |       |     2 |       |       |       |       ||     2
         Tailslap          |       |       |    25 |       |       |       ||    25
         Halberd           |       |       |   117 |   661 |   256 |       ||  1034
         Trident           |       |       |       |       |   782 |    13 ||   795
         Glaive            |       |       |       |       |    39 |   506 ||   545
  Throw: Stone             |       |     2 |     4 |     6 |   109 |       ||   121
         Dart              |       |       |     2 |    24 |    32 |    22 ||    80
         Boomerang         |       |       |       |       |       |    26 ||    26
         Javelin           |       |       |       |       |       |     1 ||     1
 Invoke: Berserk           |     1 |     1 |    14 |    19 |    22 |     7 ||    64
         Trog's Hand       |       |     3 |     2 |    12 |     8 |    12 ||    37
         Brothers in Arms  |       |       |       |     1 |     3 |     4 ||     8
  Evoke: Wand              |       |       |       |       |     4 |       ||     4
         Phial of floods   |       |       |       |       |       |     1 ||     1
    Use: Potion            |       |     5 |       |       |     2 |     3 ||    10
         Scroll            |       |       |    13 |    11 |    10 |     3 ||    37
   Stab: Paralysed         |       |     1 |       |       |       |       ||     1
         Petrified         |       |       |       |       |     2 |       ||     2
 Armour: Ring mail         |    25 |       |       |       |       |       ||    25
         Plate armour      |    13 |   137 |   220 |    13 |   339 |   365 ||  1087
         Chain mail        |       |       |       |   240 |    97 |       ||   337
  Dodge: Dodged            |    64 |    54 |   112 |   205 |   225 |   176 ||   836

Table legend: (Time is in decaauts)
 A = Elapsed time spent in this place.
 B = Non-inter-level travel time spent in this place.
 C = Inter-level travel time spent in this place.
 D = Time resting spent in this place.
 E = Time spent auto-exploring this place.
 F = Levels seen in this place.
 G = Mean time per level.
                   A        B        C        D        E       F      G
               +--------+--------+--------+--------+--------+-----+--------+
         Total |  30527 |  28040 |   2487 |   4380 |  18204 |  28 | 1090.2 |
       Dungeon |  17686 |  16310 |   1376 |   2925 |  10610 |  15 | 1179.1 |
          Lair |   6436 |   5663 |    773 |    436 |   4112 |   5 | 1287.2 |
     Snake Pit |   2081 |   2007 |     74 |    288 |   1243 |   2 | 1040.5 |
  Orcish Mines |   2463 |   2201 |    262 |    283 |   1499 |   2 | 1231.5 |
         Abyss |     82 |     82 |      0 |      3 |     23 |   1 |   82.0 |
         Sewer |    496 |    496 |      0 |     50 |    264 |   1 |  496.0 |
      Ice Cave |    549 |    549 |      0 |    261 |     76 |   1 |  549.0 |
      Gauntlet |    731 |    731 |      0 |    130 |    375 |   1 |  731.0 |
               +--------+--------+--------+--------+--------+-----+--------+

Top non-repeatable levels by time:
  Lair:5: 2195 daAuts
     D:7: 1796 daAuts
   Orc:2: 1529 daAuts
    D:13: 1528 daAuts
    D:10: 1528 daAuts
     D:4: 1429 daAuts
  Lair:3: 1384 daAuts
    D:14: 1362 daAuts
     D:6: 1346 daAuts
    D:11: 1280 daAuts
     D:9: 1208 daAuts
 Snake:1: 1144 daAuts
     D:2: 1141 daAuts
  Lair:4: 1100 daAuts
    D:12: 1099 daAuts
